AoeStats
← Lelencio

QS Arena

503264901Analyzed
3v3 RM · 1mo ago on Aug 30, 2026· 53m 53s· 6 players
Game mode
Random Map
Map size
Normal (6 player)
Population
200
Speed
Normal
Resources
Standard
Victory
Conquest
Starting age
Dark Age
Ending age
Imperial Age
RankedLock teamsTeams togetherTeam positionsShared explorationLock speedFull tech treeHidden civsTurbo modeCheats
Victory
Defeat
🇧🇷 Persians · Brazil
1369
+13
🇺🇸 Bengalis · United States
1368
+13
🇨🇳 Britons · China
1261
+18
🇦🇷 Turks · Argentina
1425
-20
🇪🇸 Spanish · Spain
1276
-13
🇲🇽 Franks · Mexico
1215
-11
Lelencio
7:09 Loom
8:54 Feudal Age
13:09 Castle Age
12:33 Double-Bit Axe
16:05 Bow Saw
17:00 Fletching
17:06 Stone Mining
25:48 Town Watch
26:40 Wheelbarrow
28:25 Scale Barding Armor
31:43 Imperial Age
30:17 Chain Barding Armor
31:15 Hand Cart
31:19 Scale Mail Armor
31:30 Forging
32:40 Chivalry
32:38 Cavalier
33:19 Husbandry
33:38 Gold Mining
34:54 Conscription
34:05 Paladin
38:22 Iron Casting
39:04 Plate Barding Armor
39:10 Conscription
41:32 Blast Furnace
43:41 Squires
43:26 Arson
43:40 Light Cavalry
45:40 Pikeman
48:46 Chain Mail Armor
48:58 Gambesons
49:45 Halberdier
pef
8:40 Feudal Age
10:01 Loom
12:52 Castle Age
11:37 Double-Bit Axe
14:53 Horse Collar
19:30 Padded Archer Armor
23:50 Bloodlines
30:26 Fletching
31:26 Wheelbarrow
32:02 Bodkin Arrow
34:59 Imperial Age
33:09 Fortified Wall
34:13 Bow Saw
34:20 Heavy Plow
35:17 Scale Barding Armor
35:45 Forging
36:22 Chain Barding Armor
37:40 Iron Casting
37:30 Gold Mining
38:09 Cavalier
40:15 Hand Cart
41:49 Plate Barding Armor
42:15 Blast Furnace
42:23 Light Cavalry
43:39 Bracer
45:41 Hand Cart
44:54 Hussar
45:11 Paladin
47:36 Hussar
nonomero
10:04 Feudal Age
14:00 Castle Age
11:49 Double-Bit Axe
12:18 Gold Mining
12:10 Horse Collar
19:14 Imperial Age
18:55 Padded Archer Armor
22:07 Wheelbarrow
25:38 Leather Archer Armor
32:35 Fletching
33:15 Ring Archer Armor
34:23 Stone Mining
38:34 Fletching
40:50 Artillery
42:53 Conscription
43:21 Scale Barding Armor
44:09 Forging
44:23 Bloodlines
44:43 Husbandry
45:54 Chain Barding Armor
45:56 Loom
46:10 Bodkin Arrow
47:05 Iron Casting
47:12 Plate Barding Armor
49:14 Iron Casting
51:28 Blast Furnace
52:24 Murder Holes
52:41 Masonry
Veretheragna
8:06 Feudal Age
8:41 Double-Bit Axe
9:36 Loom
12:59 Castle Age
24:03 Fletching
28:39 Horse Collar
34:20 Imperial Age
34:35 Wheelbarrow
36:12 Padded Archer Armor
36:11 Gold Mining
37:35 Bow Saw
37:03 Pikeman
38:30 Halberdier
40:05 Forging
40:32 Bodkin Arrow
42:04 Two-Man Saw
42:22 Scale Mail Armor
42:44 Squires
42:25 Elite Elephant Archer
43:03 Town Watch
43:52 Bracer
44:40 Hand Cart
44:59 Chain Mail Armor
45:23 Paiks
45:59 Leather Archer Armor
46:19 Heavy Plow
47:14 Iron Casting
48:58 Ring Archer Armor
49:29 Blast Furnace
49:41 Chemistry
49:02 Ballistics
[TrEta] D.Quixote
0:28 Loom
7:58 Feudal Age
12:32 Castle Age
11:02 Double-Bit Axe
11:11 Horse Collar
19:22 Wheelbarrow
19:06 Gold Mining
19:46 Bow Saw
20:26 Town Watch
21:34 Bloodlines
21:41 Forging
21:38 Husbandry
22:50 Scale Barding Armor
23:22 Iron Casting
27:30 Imperial Age
25:13 Heavy Plow
28:09 Hand Cart
28:01 Cavalier
30:30 Blast Furnace
29:51 Chain Barding Armor
31:11 Fletching
31:22 Padded Archer Armor
31:47 Ballistics
32:28 Chemistry
31:23 Elite Skirmisher
32:29 Thumb Ring
32:05 Light Cavalry
33:10 Bodkin Arrow
36:30 Savar
36:31 Heavy Camel Rider
38:32 Plate Barding Armor
38:12 Leather Archer Armor
38:14 Hussar
44:20 Scale Mail Armor
44:51 Ring Archer Armor
45:24 Two-Man Saw
44:55 Crop Rotation
49:41 Chain Mail Armor
不会打弓
8:24 Feudal Age
12:25 Castle Age
10:25 Double-Bit Axe
10:36 Horse Collar
11:22 Loom
17:09 Bow Saw
17:58 Fletching
19:00 Bodkin Arrow
24:25 Ballistics
27:41 Wheelbarrow
27:15 Heavy Plow
30:59 Imperial Age
30:46 Stone Mining
31:58 Hand Cart
31:05 Elite Longbowman
31:42 Pikeman
32:44 Scale Mail Armor
32:49 Bracer
34:30 Guilds
34:51 Halberdier
36:27 Padded Archer Armor
39:43 Yeomen
40:55 Two-Man Saw
40:57 Scale Mail Armor
41:47 Conscription
42:18 Squires
43:26 Warwolf
47:30 Chain Mail Armor
48:40 Leather Archer Armor
48:56 Plate Mail Armor
50:16 Ring Archer Armor
51:14 Arson
51:48 Forging
Connection lost

Rejoining the realm…

Still unreachable

The connection could not be restored.

Session expired

The server has moved on; the page needs a fresh start.